 Dungeon Crawl Stone Soup version 0.22-a0-362-g535178c (webtiles) character file.

477 Amnesiac the Scholar of Death (level 6, 0/45 HPs)
             Began as a Mummy Necromancer on Apr 20, 2018.
             Was a Follower of Kikubaaqudgha.
             Killed from afar by an orc wizard (10 damage)
             ... with a puff of frost
             ... on level 3 of the Dungeon.
             The game lasted 00:07:22 (5016 turns).

Amnesiac the Scholar of Death (Mummy Necromancer)   Turns: 5016, Time: 00:07:23

Health: 0/45       AC:  2    Str: 11    XL:     6   Next: 85%
Magic:  1/12       EV: 14    Int: 16    God:    Kikubaaqudgha [*.....]
Gold:   288        SH:  0    Dex: 17    Spells: 10/14 levels left

rFire    . . .     SeeInvis .   a - +0 hunting sling
rCold    . . .     Gourm    .   (no shield)
rNeg     + + +     Faith    .   c - +0 robe
rPois    ∞         Spirit   .   (no helmet)
rElec    .         Reflect  .   (no cloak)
rCorr    .         Harm     .   (no gloves)
MR       .....                  (no boots)
Stlth    ++........             m - amulet of the acrobat
HPRegen  0.15/turn              e - ring of fire
MPRegen  0.13/turn              i - +4 ring of dexterity

@: no status effects
A: no food or potions, fire vulnerability, cold resistance 1, negative energy
resistance 3, torment resistance, unbreathing
a: Receive Corpses, Renounce Religion


You were on level 3 of the Dungeon.
You worshipped Kikubaaqudgha.
Kikubaaqudgha was aware of your devotion.
You were not hungry.

You visited 2 branches of the dungeon, and saw 5 of its levels.
You also visited: Sewer.

You collected 288 gold pieces.

Inventory:

Hand Weapons
 a - a +0 hunting sling (weapon)
 g - a +0 trident of flaming
Missiles
 b - 45 stones (quivered)
Armour
 c - a +0 robe (worn)
 p - a +0 helmet
Jewellery
 e - a ring of fire (left hand)
 i - a +4 ring of dexterity (right hand)
 m - an amulet of the acrobat (around neck)
Scrolls
 d - 3 scrolls of identify {!r}
 f - a scroll of remove curse {!r}
 h - 5 scrolls of teleportation {!r}
 j - a scroll of fear {!r}
 k - a scroll of fog {!r}
 l - 4 scrolls of blinking {!r}
 n - a scroll of magic mapping {!r}
 o - 2 scrolls of enchant weapon {!r}


   Skills:
 + Level 2.3 Fighting
 * Level 3.5 Dodging
 - Level 1.5 Stealth
 + Level 4.5 Spellcasting
 - Level 6.0 Necromancy


You had 10 spell levels left.
You knew the following spells:

 Your Spells              Type           Power        Failure   Level  Hunger
a - Pain                  Necr           ###.         1%          1    N/A
d - Vampiric Draining     Necr           ###.......   4%          3    N/A

Dungeon Overview and Level Annotations

Branches:
Dungeon (4/15)             Temple (1/1) D:4

Altars:
Ashenzari
Elyvilon
Fedhas
Hepliaklqana
Kikubaaqudgha
Makhleb
Nemelex Xobeh
Okawaru
Ru
Sif Muna
Trog
Uskayaw
Vehumet
Wu Jian
Xom
Yredelemnul
Zin
The Shining One


Innate Abilities, Weirdness & Mutations

You do not eat or drink.
Your flesh is vulnerable to fire.
You are immune to poison.
Your flesh is cold resistant. (rC+)
You are immune to negative energy. (rN+++)
You are immune to unholy pain and torment.
You can survive without breathing.


Message History

Press: ? - help, Shift-Dir - straight line, f - gnoll
Aim: a gnoll, wielding a flail The gnoll is severely wounded.
You feel life coursing into your body. The gnoll hits you with a flail.
Casting: Vampiric Draining (safe; 4% risk of failure)
Confirm with . or Enter, or press ? or * to list all spells.
Aiming: Vampiric Draining (safe; 4% risk of failure)
Press: ? - help, Shift-Dir - straight line, f/p - gnoll
Aim: a gnoll, wielding a flail (severely wounded)
You kill the gnoll!
Kikubaaqudgha accepts your kill.
You feel life coursing into your body.
The orc wizard gestures wildly while chanting.
The orc wizard seems to speed up.
Casting: Vampiric Draining (safe; 4% risk of failure)
Confirm with . or Enter, or press ? or * to list all spells.
Aiming: Vampiric Draining (safe; 4% risk of failure)
Press: ? - help, Shift-Dir - straight line, f - orc
Aim: an orc, wielding a hand axe of electrocution and wearing a ring mail You kill the orc!
Kikubaaqudgha accepts your kill.
You feel life coursing into your body.
Casting: Vampiric Draining (safe; 4% risk of failure)
Confirm with . or Enter, or press ? or * to list all spells.
You don't have enough magic to cast that spell.
The orc wizard looks encouraged for a moment.
You see here a hunting sling.
Casting: Vampiric Draining (safe; 4% risk of failure)
Confirm with . or Enter, or press ? or * to list all spells.
You don't have enough magic to cast that spell.
Firing (i - inventory)
b - 49 stones (quivered)
Press: ? - help, Shift-Dir - straight line, f - orc wizard
Aim: an orc wizard, wielding a dagger and wearing a robe (fast)
You shoot a stone. The stone barely misses the orc wizard.
The orc wizard casts a spell at you. The magic dart hits you!
Firing (i - inventory)
b - 48 stones (quivered)
Press: ? - help, Shift-Dir - straight line, f/p - orc wizard
Aim: an orc wizard, wielding a dagger and wearing a robe (fast)
You shoot a stone. The stone barely misses the orc wizard.
The orc wizard hits you but does no damage.
The orc wizard hits you with a dagger.
Firing (i - inventory)
b - 47 stones (quivered)
Press: ? - help, Shift-Dir - straight line, f/p - orc wizard
Aim: an orc wizard, wielding a dagger and wearing a robe (fast)
You shoot a stone. The stone barely misses the orc wizard.
The orc wizard hits you with a dagger.
* * * LOW HITPOINT WARNING * * *
The orc wizard hits you with a dagger.
* * * LOW HITPOINT WARNING * * *
Firing (i - inventory)
b - 46 stones (quivered)
Press: ? - help, Shift-Dir - straight line, f/p - orc wizard
Aim: an orc wizard, wielding a dagger and wearing a robe (fast)
You shoot a stone. The stone barely misses the orc wizard.
The orc wizard casts a spell at you. The puff of frost hits you!
* * * LOW HITPOINT WARNING * * *
The orc wizard barely misses you. The orc wizard completely misses you.
There is an escape hatch in the ceiling here.
The orc wizard casts a spell at you. The puff of frost hits you!
You die...
Kikubaaqudgha rasps: "You have failed me!
Welcome... oblivion!"

# .. ######## ..##...#
#.##.#......##### . #.##.#####...
..#####.# #....# ..###.......
.....# ........ .....### ###..###
.......# ###...@o.###
...#.#.####.[.####.).##
.[.#.#......### ###..##
...#.#..##### ##..# ...#....#####
##)### ............##### #.).#
##.#.#####......## ###.### ##.#.#
###.##..# #.).#
#....#######.###.#########(######


You could see an orc wizard.

Vanquished Creatures
  An ogre (D:4)
  An orc priest (D:2)
  An orc wizard (D:2)
  An iguana (D:4)
  2 worker ants (D:4)
  3 gnolls (D:3)
  8 adders
  7 oozes
  4 worms
  2 dart slugs
  5 leopard geckos
  9 orcs
  3 ball pythons
  12 giant cockroaches
  5 goblins
  7 hobgoblins
  8 jackals
  2 quokkas
  13 bats
  6 frilled lizards
  9 kobolds
  A leopard gecko skeleton (D:4)
  4 rats
114 creatures vanquished.

Notes
Turn   | Place    | Note
-------+----------+-------------------------------------------
     0 | D:1      | Amnesiac the Mummy Necromancer began the quest for the Orb.
     0 | D:1      | Reached XP level 1. HP: 13/13 MP: 4/4
    63 | D:2      | Noticed an orc wizard
    99 | D:2      | Reached XP level 2. HP: 8/19 MP: 0/6
   453 | D:3      | Reached XP level 3. HP: 23/24 MP: 3/7
   458 | D:3      | Learned a level 3 spell: Vampiric Draining
   488 | D:4      | Found an iron altar of Okawaru.
   541 | D:3      | Found a sacrificial altar of Ru.
   543 | D:3      | Found a hazy altar of Hepliaklqana.
   625 | D:3      | Reached skill level 5 in Necromancy
   732 | D:3      | Found a glowing drain.
   810 | Sewer    | Entered a sewer
  1012 | Sewer    | Reached XP level 4. HP: 30/30 MP: 5/8
  2085 | D:3      | Reached skill level 6 in Necromancy
  2183 | D:4      | Noticed an ogre
  2194 | D:4      | Killed an ogre
  2194 | D:4      | Reached skill level 1 in Fighting
  2194 | D:4      | Reached XP level 5. HP: 37/37 MP: 0/10
  2425 | D:4      | Reached XP level 6. HP: 43/43 MP: 8/11
  2591 | D:4      | Found a staircase to the Ecumenical Temple.
  2734 | Temple   | Entered the Ecumenical Temple
  2816 | Temple   | Became a worshipper of Kikubaaqudgha
  4056 | D:2      | Reached * piety under Kikubaaqudgha
  4056 | D:2      | Identified Kikubaaqudgha's Papyrus of Stolen Souls (Kikubaaqudgha gifted it to you on level 2 of the Dungeon)
  4056 | D:2      | Received a gift from Kikubaaqudgha
  5016 | D:3      | Killed from afar by an orc wizard

Vault maps used:
D:1:      mrwooster_arrival_statue, chequers_big_river
D:2:      wad_lake_hut
D:3:      amethyst_overflow_temple_binary, gup_sewer_entry_pipe, first_ration
D:4:      lemuel_crystal_altar, lemuel_temple_firewalk_a
Temple:   regret_index_temple_generic_petals
Sewer:    sewer_fruit_machine

Skill      XL: |  1  2  3  4  5  6 |
---------------+-------------------+-----
Spellcasting   | 3 4 |  4.5
Necromancy     | 5 6 |  6.0
Fighting       | 1 2 |  2.3
Dodging        | 2 3 |  3.5
Stealth        | |  1.5

Action                   |  1- 3 |  4- 6 || total
-------------------------+-------+-------++-------
Melee: Unarmed           |    23 |     2 ||    25
 Fire: Hunting sling     |     6 |   185 ||   191
 Cast: Pain              |    70 |   123 ||   193
       Vampiric Draining |       |     8 ||     8
  Use: Scroll            |     1 |     8 ||     9
Armor: Robe              |    13 |    15 ||    28
Dodge: Dodged            |    49 |   115 ||   164

Table legend:
 A = Spawn XP
 B = Non-spawn XP
 C = Spawn XP percentage of total XP
 D = Spawn monster count
 E = Non-spawn monster count
 F = Spawn count percentage of total count
 G = Total turns spent on level
                    A         B        C        D         E        F      G
               +---------+---------+-------+---------+---------+-------+---------
         Total |       0 |     682 |   0.0 |       0 |     114 |   0.0 |  5016
               +---------+---------+-------+---------+---------+-------+---------
           D:1 |       0 |      37 |   0.0 |       0 |      20 |   0.0 |   710
           D:2 |       0 |     178 |   0.0 |       0 |      30 |   0.0 |  1326
           D:3 |       0 |     109 |   0.0 |       0 |      27 |   0.0 |   678
           D:4 |       0 |     270 |   0.0 |       0 |      12 |   0.0 |   795
        Temple |       0 |       7 |   0.0 |       0 |       1 |   0.0 |   269
         Sewer |       0 |      81 |   0.0 |       0 |      24 |   0.0 |  1238
               +---------+---------+-------+---------+---------+-------+---------
